 Dungeon Crawl Stone Soup version 0.31.0-9-g3a7656b989 (webtiles) character file.

Game seed: 4760151115689659483

44 qw the Shooter (level 3, -1/18 HPs)
             Began as a Spriggan Hunter on Feb 2, 2024.
             Slain by a kobold
             ... wielding a +0 club
              (3 damage)
             ... on level 2 of the Dungeon.
             The game lasted 00:00:03 (779 turns).

qw the Shooter (Spriggan Hunter)                     Turns: 779, Time: 00:00:04

Health: -1/18      AC:  2    Str:  7    XL:     3   Next: 39%
Magic:  4/4        EV: 10    Int: 10    God:
Gold:   74         SH:  0    Dex: 20    Spells: 2/2 levels left

rFire   . . .        a - +0 shortbow
rCold   . . .        (shield currently unavailable)
rNeg    . . .        c - +0 robe
rPois   .            (helmet restricted)
rElec   .            (no cloak)
rCorr   .            (gloves unavailable)
SInv    +            (boots unavailable)
Will    .....        (no amulet)
Stlth   ++           (no ring)
HPRegen 0.23/turn    (no ring)
MPRegen 0.09/turn

%: no passive effects
@: held, very quick
A: very small, no large weapons, unfitting armour, see invisible, speed 3
a: no special abilities


You were on level 2 of the Dungeon.
You visited 1 branch of the dungeon, and saw 2 of its levels.

You collected 74 gold pieces.


Innate Abilities, Weirdness & Mutations

You are very small and have problems with some larger weapons.
You are too small for most types of armour.
You have supernaturally acute eyesight. (SInv)
You cover ground extremely quickly. (Speed+++)


   Skills:
 - Level 1.5 Fighting
 + Level 4.7 Ranged Weapons
 - Level 4.0 Dodging
 - Level 1.5 Stealth


You had 2 spell levels left.
You didn't know any spells.
Your spell library was empty.

Inventory:

Hand Weapons
 a - a +0 shortbow (weapon)
Armour
 c - a +0 robe (worn)
Jewellery
 i - a ring of resist corrosion
 j - a ring of magical power
Scrolls
 d - a scroll of teleportation {unknown}
 h - a scroll of revelation {unknown}
Potions
 b - 2 potions of haste {unknown}
 e - a potion of curing {unknown}
 f - a potion of resistance {unknown}
 g - a potion of enlightenment {unknown}
 k - a potion of lignification {unknown}

Dungeon Overview and Level Annotations

Branches:
Dungeon (2/15)

Altars:
Nemelex Xobeh

Shops:
D:1 :


Message History

The hobgoblin shouts!
The hobgoblin is lightly wounded.
You hear a shout!
A giant cockroach comes into view.
You shoot an arrow. The arrow hits the giant cockroach!
You kill the giant cockroach!
A kobold comes into view. It is wielding a +0 club.
A ribbon worm comes into view.
You shoot an arrow. The arrow closely misses the hobgoblin.
The arrow hits the ribbon worm.
The ribbon worm is moderately wounded.
You shoot an arrow. The arrow barely misses the hobgoblin.
You shoot an arrow. The arrow hits the hobgoblin.
The hobgoblin is moderately wounded.
The ribbon worm expels a string of sticky webbing.
The stream of webbing hits you but does no damage.
You are caught in a web!
You struggle to detach yourself from the web.
The hobgoblin misses you.
You struggle to detach yourself from the web.
The hobgoblin closely misses you.
The web tears apart.
The hobgoblin hits you.
You shoot an arrow.
The arrow completely misses the hobgoblin.
The hobgoblin closely misses you.
You shoot an arrow. The arrow hits the hobgoblin.
You kill the hobgoblin!
The ribbon worm expels a string of sticky webbing.
The stream of webbing hits you but does no damage.
You are caught in a web!
You struggle to detach yourself from the web.
The kobold hits you with a +0 club. The ribbon worm closely misses you.
You struggle to detach yourself from the web.
The kobold hits you with a +0 club. The ribbon worm bites you!
You struggle to detach yourself from the web.
The kobold hits you with a +0 club.
You struggle to detach yourself from the web.
The ribbon worm closely misses you. The kobold hits you with a +0 club.
You die...

#.# # #.# #%#.#
##.#.# ..##..#.###
...$..).# #####
##[w...### #...#
#..K@..#<# ###.#.#
.....#....#.#
#...#.# ...
####.#.####.###.#
.....+.......>...#
#.#
#....####.#.#.####
#.# ......##.....#
#.#
.....######.######.#
#....# #........#
#....# #..#########


You could see a ribbon worm and a kobold.

Vanquished Creatures
  An adder (D:2)
  A dart slug (D:1)
  3 ball pythons
  3 endoplasms (D:1)
  2 giant cockroaches (D:2)
  4 goblins
  3 hobgoblins
  5 kobolds
  2 quokkas (D:1)
  2 bats (D:1)
  3 frilled lizards (D:1)
29 creatures vanquished.

Notes
Turn   | Place    | Note
-------+----------+-------------------------------------------
     0 | D:1      | qw the Spriggan Hunter began the quest for the Orb.
     0 | D:1      | Reached XP level 1. HP: 10/10 MP: 2/2
     0 | D:1      | 0 ||| qw: Version: 0.3-a-155-g5e7d8dd
     0 | D:1      | 0 ||| qw: Game counter: 1110
     0 | D:1      | 0 ||| qw: Melee chars always use a shield: true
     0 | D:1      | 0 ||| qw: God list: Okawaru
     0 | D:1      | 0 ||| qw: Allow faded altars: false
     0 | D:1      | 0 ||| qw: Do Orc after clearing Dungeon:15 true
     0 | D:1      | 0 ||| qw: Do second Lair branch before Depths: true
     0 | D:1      | 0 ||| qw: Lair rune preference: random
     0 | D:1      | 0 ||| qw: Goals: Normal
     0 | D:1      | 0 ||| PLANNING D:1-11
    35 | D:1      | Reached skill level 3 in Dodging
   103 | D:1      | Found Wooh's Book Emporium.
   104 | D:1      | Noticed a walking divine tome
   104 | D:1      | Noticed a walking crystal tome
   110 | D:1      | 110 ||| READING scroll labelled JAGEACZ NYEFOS.
   111 | D:1      | 111 ||| READING scroll labelled MIFATHR NY DEVO.
   127 | D:1      | 127 ||| READING scroll labelled WASSUNWEMA.
   128 | D:1      | 128 ||| READING scroll labelled RYIMUEHUYTS.
   129 | D:1      | 129 ||| DROPPING scroll of butterflies.
   198 | D:1      | Reached XP level 2. HP: 14/14 MP: 3/3
   461 | D:1      | 461 ||| DRINKING 2 grey potions.
   462 | D:1      | 462 ||| DROPPING potion of brilliance.
   467 | D:2      | Found a sparkling altar of Nemelex Xobeh.
   559 | D:2      | Reached XP level 3. HP: 18/18 MP: 4/4
   777 | D:2      | HP: 3/18 [ribbon worm (8)]
   779 | D:2      | Slain by a kobold

Levels and vault maps discovered:
D:1:      eino_arrival_water_star, layout_rooms, serial_shops,
          nicolae_shop_mannequins, minmay_cupped
D:2:      layout_basic, basic_altar, minivault_27, minmay_close_crescents

Skill      XL: |  1  2 |
---------------+-------+-----
Dodging        | 3 4 |  4.0
Fighting       | |  1.5
Ranged Weapons | |  4.7
Stealth        | |  1.5

Action                     || total
---------------------------++-------
   Fire: Shortbow          ||    78
    Use: Scroll            ||     4
         Potion            ||     1
 Armour: Robe              ||    13
  Dodge: Dodged            ||    33

Table legend:
 A = Non-vault XP
 B = Vault XP
 C = Vault XP percentage of total XP
 D = Non-vault monster count
 E = Vault monster count
 F = Vault count percentage of total count
                 A         B        C        D         E       F
            +---------+---------+-------+---------+---------+-------
      Total |      55 |       8 |  12.7 |      25 |       4 |  13.8
            +---------+---------+-------+---------+---------+-------
        D:1 |      30 |       6 |  16.7 |      18 |       3 |  14.3
        D:2 |      25 |       2 |   7.4 |       7 |       1 |  12.5
            +---------+---------+-------+---------+---------+-------
